| TOP OF THE 1ST |
|
Detroit Tigers batting - Pitching for New York Yankees : RHP Blake Green
|
|
Pitching: RHP Blake Green
|
|
|
Batting: SHB Lee Mazzilli
|
0-0: Ball 1-0: Ball 2-0: Ball 3-0: Base on Balls
|
|
Batting: RHB Rusty Tillman
|
0-0: Fly out, F7 (Flyball, 78XD, EV 95.0 MPH)
|
|
Batting: SHB Tony Phillips
|
0-0: Ball Lee Mazzilli is caught stealing 2nd base 2-6 1-0: Ball 2-0: Called Strike 2-1: SINGLE (Flyball, 6D, EV 93.1 MPH)
|
|
Batting: LHB Greg Brock
|
0-0: Ball Tony Phillips steals 2nd base 1-0: Ball 2-0: Ball 3-0: Called Strike 3-1: Base on Balls
|
|
Batting: RHB Larry Parrish
|
0-0: Swinging Strike 0-1: Ball 1-1: Swinging Strike 1-2: Ball 2-2: Strikes out swinging
|
| Top of the 1st over - 0 runs, 1 hit, 0 errors, 2 left on base; Detroit 0 - New York 0 |
| BOTTOM OF THE 1ST |
|
New York Yankees batting - Pitching for Detroit Tigers : RHP Dennis Martinez
|
|
Pitching: RHP Dennis Martinez
|
|
|
Batting: SHB Willie Wilson
|
0-0: Ground out U3 (Groundball, 34, EV 103.1 MPH)
|
|
Batting: RHB David Hall
|
0-0: Ball 1-0: Called Strike 1-1: Ball 2-1: Foul Ball, location: 2F 2-2: Ball 3-2: Base on Balls
|
|
Batting: LHB Wade Boggs
|
0-0: Ball 1-0: Called Strike 1-1: Ball 2-1: Fielders Choice at 2nd, 5-4 (Groundball, 56, EV 81.9 MPH)
|
|
Batting: LHB Kent Hrbek
|
0-0: Called Strike 0-1: Ball 1-1: Fly out, F9 (Flyball, 9D, EV 102.5 MPH)
|
| Bottom of the 1st over - 0 runs, 0 hits, 0 errors, 1 left on base; Detroit 0 - New York 0 |
| TOP OF THE 2ND |
|
Detroit Tigers batting - Pitching for New York Yankees : RHP Blake Green
|
|
Batting: RHB Andre Thornton
|
0-0: Called Strike 0-1: Foul Ball, location: 2F 0-2: Strikes out swinging
|
|
Batting: LHB Randy S Johnson
|
0-0: Ball 1-0: Fly out, F7 (Flyball, 7, EV 87.5 MPH)
|
|
Batting: LHB Dan Graham
|
0-0: Called Strike 0-1: Ball 1-1: Fly out, F7 (Flyball, 7D, EV 95.6 MPH)
|
| Top of the 2nd over - 0 runs, 0 hits, 0 errors, 0 left on base; Detroit 0 - New York 0 |
| BOTTOM OF THE 2ND |
|
New York Yankees batting - Pitching for Detroit Tigers : RHP Dennis Martinez
|
|
Batting: RHB Pedro Guerrero
|
0-0: Ball 1-0: Ball 2-0: Called Strike 2-1: Ball 3-1: Foul Ball, location: 2F 3-2: Base on Balls
|
|
Batting: LHB George Kaage
|
0-0: Called Strike 0-1: Ball 1-1: Fly out, F8 (Flyball, 89D, EV 96.9 MPH)
|
|
Batting: RHB Emanuel Cortez
|
0-0: Ball 1-0: Ball 2-0: Foul Ball, location: 2F 2-1: Ball 3-1: SINGLE (Groundball, 23, EV 91.9 MPH) (infield hit) Pedro Guerrero to second
|
|
Batting: SHB Jerry Manuel
|
0-0: Fly out, F3 (Flyball, 3D, EV 80.6 MPH)
|
|
Batting: LHB Ron Hassey
|
0-0: Foul Ball, location: 2F 0-1: Ball 1-1: Ball 2-1: Foul Ball, location: 2F 2-2: Foul Ball, location: 2F 2-2: Foul Ball, location: 2F 2-2: Ball 3-2: Ground out 1-3 (Groundball, 13, EV 65.6 MPH)
|
| Bottom of the 2nd over - 0 runs, 1 hit, 0 errors, 2 left on base; Detroit 0 - New York 0 |
| TOP OF THE 3RD |
|
Detroit Tigers batting - Pitching for New York Yankees : RHP Blake Green
|
|
Batting: RHB Mike Sproles
|
0-0: Ball 1-0: Ball 2-0: Called Strike 2-1: SINGLE (Groundball, 13S, EV 69.4 MPH) (infield hit)
|
|
Batting: SHB Lee Mazzilli
|
0-0: Called Strike 0-1: Ball 1-1: Ball 2-1: Foul Ball, location: 2F 2-2: Foul Ball, location: 2F 2-2: Ball 3-2: Foul Ball, location: 2F 3-2: Strikes out swinging
|
|
Batting: RHB Rusty Tillman
|
0-0: Ball 1-0: Called Strike Mike Sproles steals 2nd base 1-1: Foul Ball, location: 2F 1-2: Foul Ball, location: 2F 1-2: Strikes out swinging
|
|
Batting: SHB Tony Phillips
|
0-0: Ball 1-0: Fly out, F7 (Flyball, 78M, EV 83.8 MPH)
|
| Top of the 3rd over - 0 runs, 1 hit, 0 errors, 1 left on base; Detroit 0 - New York 0 |
| BOTTOM OF THE 3RD |
|
New York Yankees batting - Pitching for Detroit Tigers : RHP Dennis Martinez
|
|
Batting: SHB Willie Wilson
|
0-0: Ball 1-0: Ball 2-0: Swinging Strike 2-1: Called Strike 2-2: Strikes out swinging
|
|
Batting: RHB David Hall
|
0-0: Swinging Strike 0-1: Reaches on Catchers interference
|
|
Batting: LHB Wade Boggs
|
0-0: Ball 1-0: Ball 2-0: Swinging Strike 2-1: SINGLE (Line Drive, 6MD, EV 104.4 MPH) David Hall to second Runner from 2nd tries for 3rd, SAFE, throw by CF made to third
|
|
Batting: LHB Kent Hrbek
|
0-0: Ball 1-0: Called Strike 1-1: Ball 2-1: Ball 3-1: Foul Ball, location: 2F 3-2: Ground out 6-3 (Groundball, 56D, EV 83.8 MPH) David Hall scores Wade Boggs to second
|
|
Batting: RHB Pedro Guerrero
|
0-0: Ball 1-0: Called Strike 1-1: Swinging Strike 1-2: Strikes out looking
|
| Bottom of the 3rd over - 1 run, 1 hit, 1 error, 1 left on base; Detroit 0 - New York 1 |
| TOP OF THE 4TH |
|
Detroit Tigers batting - Pitching for New York Yankees : RHP Blake Green
|
|
Batting: LHB Greg Brock
|
0-0: Fly out, F7 (Flyball, 78S, EV 87.5 MPH)
|
|
Batting: RHB Larry Parrish
|
0-0: Swinging Strike 0-1: Ball 1-1: Foul Ball, location: 2F 1-2: Strikes out looking
|
|
Batting: RHB Andre Thornton
|
0-0: Called Strike 0-1: Ball 1-1: Foul Ball, location: 2F 1-2: Ball 2-2: Foul Ball, location: 2F 2-2: Fly out, F7 (Flyball, 78D, EV 101.9 MPH)
|
| Top of the 4th over - 0 runs, 0 hits, 0 errors, 0 left on base; Detroit 0 - New York 1 |
| BOTTOM OF THE 4TH |
|
New York Yankees batting - Pitching for Detroit Tigers : RHP Dennis Martinez
|
|
Batting: LHB George Kaage
|
0-0: Ground out 4-3 (Groundball, 4M, EV 85.6 MPH)
|
|
Batting: RHB Emanuel Cortez
|
0-0: Ball 1-0: Ground out 6-3 (Groundball, 6M, EV 83.1 MPH)
|
|
Batting: SHB Jerry Manuel
|
0-0: Ball 1-0: Ball 2-0: Foul Ball, location: 2F 2-1: Ball 3-1: Ground out 6-3 (Groundball, 6S, EV 71.3 MPH)
|
| Bottom of the 4th over - 0 runs, 0 hits, 0 errors, 0 left on base; Detroit 0 - New York 1 |
| TOP OF THE 5TH |
|
Detroit Tigers batting - Pitching for New York Yankees : RHP Blake Green
|
|
Batting: LHB Randy S Johnson
|
0-0: Called Strike 0-1: Swinging Strike 0-2: Ball 1-2: Fly out, F8 (Flyball, 8LD, EV 99.4 MPH)
|
|
Batting: LHB Dan Graham
|
0-0: Ball 1-0: Foul Ball, location: 2F 1-1: Foul Ball, location: 2F 1-2: Foul Ball, location: 2F 1-2: Fly out, F9 (Line Drive, 9D, EV 87.5 MPH)
|
|
Batting: RHB Mike Sproles
|
0-0: Ball 1-0: Fly out, F7 (Flyball, 7LM, EV 85.6 MPH)
|
| Top of the 5th over - 0 runs, 0 hits, 0 errors, 0 left on base; Detroit 0 - New York 1 |
| BOTTOM OF THE 5TH |
|
New York Yankees batting - Pitching for Detroit Tigers : RHP Dennis Martinez
|
|
Batting: LHB Ron Hassey
|
0-0: Ground out 5-3 (Groundball, 56, EV 81.9 MPH)
|
|
Batting: SHB Willie Wilson
|
0-0: Ball 1-0: Ground out 3-1 (Groundball, 3D, EV 84.4 MPH)
|
|
Batting: RHB David Hall
|
0-0: Called Strike 0-1: Ground out 5-3 (Groundball, 56, EV 88.1 MPH)
|
| Bottom of the 5th over - 0 runs, 0 hits, 0 errors, 0 left on base; Detroit 0 - New York 1 |
| TOP OF THE 6TH |
|
Detroit Tigers batting - Pitching for New York Yankees : RHP Blake Green
|
|
Batting: SHB Lee Mazzilli
|
0-0: Called Strike 0-1: DOUBLE (Line Drive, 9LM, EV 108.8 MPH)
|
|
Batting: RHB Rusty Tillman
|
0-0: Foul Ball, location: 2F 0-1: Called Strike 0-2: Ball 1-2: Ball 2-2: Ball 3-2: Foul Ball, location: 2F 3-2: Foul Ball, location: 2F 3-2: Ground out 4-3 (Groundball, 13, EV 83.1 MPH) Lee Mazzilli to third
|
|
Batting: SHB Tony Phillips
|
0-0: Ball 1-0: Ball 2-0: 2-RUN HOME RUN (Line Drive, 9LD, EV 101.9 MPH), Distance : 361 ft
|
|
Batting: LHB Greg Brock
|
0-0: Ball 1-0: Called Strike 1-1: Fly out, F7 (Flyball, 78D, EV 99.4 MPH)
|
|
Batting: RHB Larry Parrish
|
0-0: Called Strike 0-1: Called Strike 0-2: Ball 1-2: Ball 2-2: Strikes out swinging
|
| Top of the 6th over - 2 runs, 2 hits, 0 errors, 0 left on base; Detroit 2 - New York 1 |
| BOTTOM OF THE 6TH |
|
New York Yankees batting - Pitching for Detroit Tigers : RHP Dennis Martinez
|
|
Batting: LHB Wade Boggs
|
0-0: Ground out 4-3 (Groundball, 4M, EV 106.3 MPH)
|
|
Batting: LHB Kent Hrbek
|
0-0: Ball 1-0: Called Strike 1-1: Ball 2-1: Ball 3-1: Called Strike 3-2: Base on Balls
|
|
Batting: RHB Pedro Guerrero
|
0-0: Ball 1-0: Foul Ball, location: 2F 1-1: Ball 2-1: Ball 3-1: 2-RUN HOME RUN (Flyball, 9LD, EV 110.0 MPH), Distance : 341 ft
|
|
Batting: LHB George Kaage
|
0-0: SINGLE (Groundball, 4MD, EV 105.0 MPH)
|
|
Batting: RHB Emanuel Cortez
|
0-0: Foul Ball, location: 2F 0-1: Ground out 5-3 (Groundball, 5, EV 110.6 MPH) George Kaage to second
|
|
Batting: SHB Jerry Manuel
|
0-0: Swinging Strike 0-1: SINGLE (Flyball, 89S, EV 95.6 MPH) George Kaage to third Runner from 3rd tries for Home, throw by CF and OUT! 8-2
|
| Bottom of the 6th over - 2 runs, 3 hits, 0 errors, 1 left on base; Detroit 2 - New York 3 |
| TOP OF THE 7TH |
|
Detroit Tigers batting - Pitching for New York Yankees : RHP Blake Green
|
|
Batting: RHB Andre Thornton
|
0-0: Ball 1-0: Swinging Strike 1-1: Ground out 4-3 (Groundball, 4, EV 91.9 MPH)
|
|
Batting: LHB Randy S Johnson
|
0-0: Called Strike 0-1: Called Strike 0-2: Strikes out swinging
|
|
Batting: LHB Dan Graham
|
0-0: Swinging Strike 0-1: Ball 1-1: Ball 2-1: Swinging Strike 2-2: Strikes out swinging
|
| Top of the 7th over - 0 runs, 0 hits, 0 errors, 0 left on base; Detroit 2 - New York 3 |
| BOTTOM OF THE 7TH |
|
New York Yankees batting - Pitching for Detroit Tigers : RHP Dennis Martinez
|
|
Batting: LHB Ron Hassey
|
0-0: Called Strike 0-1: Ball 1-1: Ball 2-1: SINGLE (Flyball, 8LS, EV 94.4 MPH)
|
|
Batting: SHB Willie Wilson
|
0-0: Fielders Choice at 2nd, 4-6 (Groundball, 34, EV 90.0 MPH)
|
|
Batting: RHB David Hall
|
0-0: Ball 1-0: Ball 2-0: Called Strike Willie Wilson steals 2nd base 2-1: Swinging Strike 2-2: Strikes out looking
|
|
Batting: LHB Wade Boggs
|
0-0: Ball 1-0: Ground out U3 (Groundball, 34S, EV 83.8 MPH)
|
| Bottom of the 7th over - 0 runs, 1 hit, 0 errors, 1 left on base; Detroit 2 - New York 3 |
| TOP OF THE 8TH |
|
Detroit Tigers batting - Pitching for New York Yankees : RHP Blake Green
|
|
Now in CF: Larry Hyman
|
|
|
Batting: RHB Mike Sproles
|
0-0: Ground out 1-3 (Groundball, 34S, EV 70.0 MPH)
|
|
Batting: SHB Lee Mazzilli
|
0-0: Called Strike 0-1: Ball 1-1: Swinging Strike 1-2: Foul Ball, location: 2F 1-2: Ball 2-2: Strikes out swinging
|
|
Batting: RHB Rusty Tillman
|
0-0: Ball 1-0: Foul Ball, location: 2F 1-1: Called Strike 1-2: SINGLE (Line Drive, 9S, EV 96.9 MPH)
|
|
Pitching: RHP Manny Sarmiento
|
|
|
Batting: SHB Tony Phillips
|
0-0: Called Strike 0-1: Ball 1-1: Ball 2-1: Fly out, F7 (Flyball, 78D, EV 103.8 MPH)
|
| Top of the 8th over - 0 runs, 1 hit, 0 errors, 1 left on base; Detroit 2 - New York 3 |
| BOTTOM OF THE 8TH |
|
New York Yankees batting - Pitching for Detroit Tigers : RHP Dennis Martinez
|
|
Batting: LHB Kent Hrbek
|
0-0: Ball 1-0: TRIPLE (Line Drive, 9D, EV 108.8 MPH)
|
|
Batting: SHB Larry Hyman
|
0-0: Ball 1-0: Ball 2-0: Ball 3-0: Called Strike 3-1: Swinging Strike 3-2: Foul Ball, location: 2F 3-2: Base on Balls
|
|
Batting: LHB George Kaage
|
0-0: Ball 1-0: Swinging Strike 1-1: Foul Ball, location: 2F 1-2: Fly out, F9 (Flyball, 9LM, EV 91.9 MPH) Runner from 3rd tags up, SCORES, throw by RF
|
|
Batting: RHB Emanuel Cortez
|
0-0: Foul Ball, location: 2F 0-1: Ball 1-1: Swinging Strike 1-2: Foul Ball, location: 2F 1-2: Strikes out looking
|
|
Batting: SHB Jerry Manuel
|
0-0: Called Strike 0-1: Ground out 1-3 (Groundball, P, EV 65.0 MPH)
|
| Bottom of the 8th over - 1 run, 1 hit, 0 errors, 1 left on base; Detroit 2 - New York 4 |
| TOP OF THE 9TH |
|
Detroit Tigers batting - Pitching for New York Yankees : RHP Manny Sarmiento
|
|
Batting: LHB Greg Brock
|
0-0: Ball 1-0: Called Strike 1-1: Foul Ball, location: 2F 1-2: Foul Ball, location: 2F 1-2: Strikes out swinging
|
|
Batting: RHB Larry Parrish
|
0-0: Fly out, F4 (Popup, 4, EV 61.3 MPH)
|
|
Batting: RHB Andre Thornton
|
0-0: Foul Ball, location: 2F 0-1: Ball 1-1: Swinging Strike 1-2: Ball 2-2: Ball 3-2: Base on Balls
|
|
Pitching: RHP Camilo Aprgio
|
|
|
Batting: LHB Randy S Johnson
|
0-0: Ball 1-0: Called Strike 1-1: Called Strike Balk! Andre Thornton to second 1-2: Strikes out looking
|
| Top of the 9th over - 0 runs, 0 hits, 0 errors, 1 left on base; Detroit 2 - New York 4 |
|